 Dungeon Crawl Stone Soup version 0.30.1-9-gdf580d7c3d (webtiles) character file.

Game seed: 15729873934275018997

72 growler the Gusty (level 4, -1/24 HPs)
             Began as a Tengu Air Elementalist on Oct 2, 2023.
             Slain by a black bear (11 damage)
             ... on level 2 of the Dungeon on Oct 3, 2023.
             The game lasted 00:06:00 (2296 turns).

growler the Gusty (Tengu Air Elementalist)          Turns: 2296, Time: 00:06:00

Health: -1/24      AC:  2    Str:  8    XL:     4   Next: 25%
Magic:  1/9        EV: 12    Int: 17    God:
Gold:   90         SH:  0    Dex: 15    Spells: 2/8 levels left

rFire   . . .        m - +1 dagger (drain)
rCold   . . .        (no shield)
rNeg    . . .        a - +0 robe
rPois   .            (helmet restricted)
rElec   .            (no cloak)
rCorr   .            (no gloves)
SInv    .            (boots unavailable)
Will    .....        (no amulet)
Stlth   ++           (no ring)
HPRegen 0.24/turn    (no ring)
MPRegen 0.11/turn

%: no passive effects
@: no status effects
A: beak, talons 3
a: no special abilities


You were on level 2 of the Dungeon.
You visited 1 branch of the dungeon, and saw 2 of its levels.

You collected 90 gold pieces.

Inventory:

Hand Weapons
 h - a +2 vampiric dagger
 m - a +1 dagger of draining (weapon)
Missiles
 l - a throwing net
Armour
 a - a +0 robe (worn)
Jewellery
 c - an amulet of faith
Scrolls
 d - a scroll of blinking {unknown}
 e - 3 scrolls of identify {unknown}
 f - 2 scrolls of noise {unknown}
 g - a scroll of amnesia {unknown}
 j - a scroll of fear {unknown}
 k - a scroll of brand weapon {unknown}
Potions
 b - a potion of magic
 i - a potion of flight {unknown}


   Skills:
 - Level 2.1 Dodging
 - Level 2.0 Stealth
 + Level 2.8 Spellcasting
 + Level 3.1 Conjurations
 + Level 5.0 Air Magic


You had 2 spell levels left.
You knew the following spells:

 Your Spells              Type           Power      Damage    Failure   Level
a - Shock                 Conj/Air       64%        1d7       3%          1
b - Static Discharge      Conj/Air       32%        2-4/arc   4%          2
c - Swiftness             Air            19%        N/A       7%          3

Your spell library contained the following spells:

 Spells                   Type           Power      Damage    Failure   Level
 Necrotise                Necr           8%         1d4       19%         1
 Airstrike                Air            9%         2d(2-18)  22%         4
 Vampiric Draining        Necr           2%         2d6       47%         3
 Agony                    Necr           2%         N/A       99%         5


Dungeon Overview and Level Annotations

Branches:
Dungeon (2/15)

Altars:


Innate Abilities, Weirdness & Mutations

You have a beak for a mouth.
You have claws for feet.


Message History

The black bear is lightly wounded.
The black bear growls angrily.
The zap hits the black bear.
The black bear is moderately wounded.
The zap hits the black bear.
The black bear is heavily wounded.
Casting: Shock (safe; 3% risk of failure)
Confirm with . or Enter, or press ? or * to list all spells.
Aiming: Shock (safe; 3% risk of failure)
Press: ? - help, Shift-Dir - straight line, f/p - black bear
Aim: a black bear (heavily wounded, 79% to hit)
The zap hits the black bear.
The black bear is heavily wounded.
Casting: Shock (safe; 3% risk of failure)
Confirm with . or Enter, or press ? or * to list all spells.
Aiming: Shock (safe; 3% risk of failure)
Press: ? - help, Shift-Dir - straight line, p - black bear The zap misses the black bear.
Casting: Shock (safe; 3% risk of failure)
Confirm with . or Enter, or press ? or * to list all spells.
Aiming: Shock (safe; 3% risk of failure)
Press: ? - help, Shift-Dir - straight line, f - black bear
Aim: a black bear (heavily wounded, 79% to hit)
The zap hits the black bear.
The black bear is heavily wounded.
Casting: Shock (safe; 3% risk of failure)
Confirm with . or Enter, or press ? or * to list all spells.
The black bear is struck by an arc of lightning.
The black bear is severely wounded.
You are struck by an arc of lightning.
The lightning grounds out.
The black bear bites you. The black bear claws you. x2
Casting: Static Discharge (safe; 4% risk of failure)
Confirm with . or Enter, or press ? or * to list all spells.
The black bear is struck by an arc of lightning.
The black bear is almost dead.
You are struck by an arc of lightning.
The lightning grounds out.
The black bear goes berserk!
The black bear attacks as you move away!
The black bear bites you!
You die...

#.#....#'#..## ###...####
#.##...#.#...# #...#.....
#.##.###.###.# ##.#...###.
#.##.#8...8#.#####..........
######.##.#.._..#......h.........
.......##.#8...8#...####.######..
##........###.###...# #.# ##..
#.######...#.#..h.## #.# #....
#[# ###.#'#.@..# #.# #.##. #.#
#.8.8.#### #.# #.##. #.# #.....#
#.# #.##. #.# ##..### #.####.##.
#.##### ##.## ####.........
#.#...## ##...## #.......>....
#......###.....# #.#######.###
#..............# #.# #.#
#......###.....#####.#### #.#


You could see a black bear (berserk).

Vanquished Creatures
  An adder (D:2)
  5 dart slugs
  3 bats
  5 endoplasms
  A giant cockroach (D:1)
  4 goblins
  2 hobgoblins (D:2)
  15 jackals (D:2)
  A quokka (D:2)
  A ball python (D:2)
  2 kobolds
  6 rats
46 creatures vanquished.

Notes
Turn   | Place    | Note
-------+----------+-------------------------------------------
     0 | D:1      | growler the Tengu Air Elementalist began the quest for the
                  | Orb.
     0 | D:1      | Reached XP level 1. HP: 10/10 MP: 4/4
   395 | D:1      | Reached XP level 2. HP: 15/15 MP: 4/6
   398 | D:1      | Learned a level 2 spell: Static Discharge
  1019 | D:2      | Reached XP level 3. HP: 19/19 MP: 5/7
  1053 | D:2      | Learned a level 3 spell: Swiftness
  1319 | D:2      | Noticed a black bear
  1861 | D:2      | Reached XP level 4. HP: 24/24 MP: 7/9
  1996 | D:2      | Reached skill level 5 in Air Magic
  2230 | D:2      | Found a faded altar of an unknown god.
  2296 | D:2      | Slain by a black bear

Illustrated notes

Levels and vault maps discovered:
D:1:      shiori_shiawase, layout_loops_ring
D:2:      minmay_chambers_of_ones, layout_loops_ring,
          dreamdust_ecumenical_altar_angels_and_demons

Skill      XL: |  1  2  3  4 |
---------------+-------------+-----
Conjurations   | 2 3 |  3.1
Air Magic      | 5 |  5.0
Dodging        | |  2.1
Stealth        | |  2.0
Spellcasting   | |  2.8

Action                     |  1- 3 |  4- 6 || total
---------------------------+-------+-------++-------
  Melee: Dagger            |     2 |     1 ||     3
         Kick              |     1 |       ||     1
   Cast: Shock             |    76 |    21 ||    97
         Static Discharge  |       |     2 ||     2
 Armour: Robe              |     2 |       ||     2
  Dodge: Dodged            |    10 |     1 ||    11
